 Dungeon Sprint DCSS version 0.24-a0-250-g6074511 (webtiles) character file.

Game seed: 17734075882835371973

471 MikeHunt the Martial Artist (level 6, -18/60 HPs)
             Began as a Draconian Monk on Apr 14, 2019.
             Was an Initiate of Gozag.
             Demolished by a wandering mushroom (20 damage)
             ... in the Dungeon (Sprint IV: "Fedhas' Mad Dash").
             The game lasted 00:03:26 (1058 turns).

MikeHunt the Martial Artist (Draconian Monk)        Turns: 1058, Time: 00:03:27

Health: -18/60     AC:  7    Str: 13    XL:     6   Next: 83%
Magic:  6/8        EV: 16    Int: 10    God:    Gozag
Gold:   445        SH:  0    Dex: 16    Spells: 5/5 levels left

rFire    . . .     SeeInvis .     - Unarmed
rCold    . . .     Gourm    .   (no shield)
rNeg     . . .     Faith    .   (armour unavailable)
rPois    .         Spirit   .   (helmet restricted)
rElec    .         Reflect  .   (no cloak)
rCorr    .         Harm     .   h - +0 pair of gloves
MR       .....     NoTele   +   (no boots)
Stlth    ++........             f - amulet of invisibility {+Inv}
HPRegen  0.20/turn              (no ring)
MPRegen  0.11/turn              (no ring)

@: lethally poisoned (-18 -> -25), gold aura, very slightly contaminated,
invisible
A: unfitting armour, cold-blooded, AC +6
a: Potion Petition, Call Merchant, Bribe Branch, Renounce Religion


You were in the Dungeon.
You worshipped Gozag.
Gozag was aware of your devotion.
You were not hungry.

You visited 1 branch You collected 445 gold pieces.

Inventory:

Armour
 h - a +0 pair of gloves (worn)
Jewellery
 f - the amulet of invisibility (around neck) {+Inv}
   (You found it in the Dungeon)

   [amulet of nothing]

   It lets you turn invisible.
Scrolls
 g - a scroll of blinking
 i - a scroll of remove curse {unknown}
Potions
 c - a potion of heal wounds
 d - a potion of haste
 e - 2 potions of magic


   Skills:
 + Level 7.2 Fighting
 + Level 6.6 Dodging
 - Level 1.7 Stealth
 + Level 11.5 Unarmed Combat
 - Level 2.9 Evocations


You had 5 spell levels left.
You didn't know any spells.
Your spell library was empty.

Dungeon Overview and Level Annotations

Branches:
Dungeon (1/1)

Altars:
Cheibriados
Dithmenos
Elyvilon
Gozag
Hepliaklqana
Kikubaaqudgha
Makhleb
Nemelex Xobeh
Okawaru
Qazlal
Ru
Sif Muna
Trog
Uskayaw
Vehumet
Wu Jian
Xom
Yredelemnul
Zin
The Shining One
Beogh
Jiyva
Lugonu

Shops:
D =(


Innate Abilities, Weirdness & Mutations

Your plain brown scales are hard. (AC +6)
You cannot fit into any form of body armour.
You are cold-blooded and may be slowed by cold attacks.


Message History

You feel agile.
Your scales feel tougher.
The wandering mushroom closely misses you.
The wandering mushroom misses you.
You closely miss the scorpion.
You tail-slap the scorpion, but do no damage.
The scorpion barely misses you.
The wandering mushroom releases spores at you.
You are engulfed in a cloud of spores!
You are more confused.
The wandering mushroom releases spores at you!
* * * LOW HITPOINT WARNING * * *
You are engulfed in a cloud of spores!
You feel better. The scorpion stings you!
* * * LOW HITPOINT WARNING * * *
You are lethally poisoned!
The scorpion poisons you!
The wandering mushroom barely misses you.
The wandering mushroom releases spores at you!!
You die...
Your body crumbles into a pile of gold.

###################
_._.⌠.#.))...#....#
._._..'..#...#.f.s+$
_._...#..###'##.@$#
$$
._._..#.(##∩∩.'..f#
_._.⌠.#############
####### $ $ $ $


You could see 2 wandering mushrooms and a scorpion.

Vanquished Creatures
  A burning bush (D)
  A scorpion (D)
  4 oklob saplings (D)
  A worker ant (D)
  2 spriggans (D)
  A river rat (D)
  A rat (D)
11 creatures vanquished.

Notes
Turn   | Place    | Note
-------+----------+-------------------------------------------
     0 | D        | MikeHunt the Draconian Monk began the quest for the Orb.
     0 | D        | Reached XP level 1. HP: 19/19 MP: 1/1
    15 | D        | Reached skill level 5 in Unarmed Combat
    15 | D        | Reached XP level 2. HP: 23/26 MP: 2/2
    25 | D        | Noticed an oklob sapling
   180 | D        | Killed an oklob sapling
   180 | D        | Reached skill level 7 in Unarmed Combat
   180 | D        | Reached XP level 3. HP: 31/31 MP: 3/3
   183 | D        | Found the amulet of invisibility {+Inv}
   184 | D        | Reached skill level 8 in Unarmed Combat
   314 | D        | Found an opulent altar of Gozag.
   314 | D        | Found a hazy altar of Hepliaklqana.
   314 | D        | Found a roughly hewn altar of Beogh.
   314 | D        | Found a snail-covered altar of Cheibriados.
   315 | D        | Found a viscous altar of Jiyva.
   315 | D        | Found a burning altar of Makhleb.
   315 | D        | Found a sparkling altar of Nemelex Xobeh.
   315 | D        | Found a sacrificial altar of Ru.
   315 | D        | Found a deep blue altar of Sif Muna.
   315 | D        | Found a bloodstained altar of Trog.
   315 | D        | Found an ornate altar of the Wu Jian Council.
   315 | D        | Found a shimmering altar of Xom.
   315 | D        | Found a basalt altar of Yredelemnul.
   315 | D        | Noticed an oklob sapling priest
   316 | D        | Found an iron altar of Okawaru.
   316 | D        | Found a shadowy altar of Dithmenos.
   316 | D        | Found a glowing silver altar of Zin.
   317 | D        | Found an ancient bone altar of Kikubaaqudgha.
   317 | D        | Found a hide-covered altar of Uskayaw.
   318 | D        | Found a stormy altar of Qazlal.
   318 | D        | Found a white marble altar of Elyvilon.
   318 | D        | Found a glowing golden altar of the Shining One.
   319 | D        | Became a worshipper of Gozag Ym Sagoz the Greedy
   320 | D        | Found a radiant altar of Vehumet.
   320 | D        | Found a corrupted altar of Lugonu.
   329 | D        | Killed an oklob sapling priest
   329 | D        | Reached skill level 9 in Unarmed Combat
   329 | D        | Reached XP level 4. HP: 23/38 MP: 2/4
   667 | D        | Reached skill level 10 in Unarmed Combat
   667 | D        | Reached XP level 5. HP: 45/45 MP: 2/6
   871 | D        | Reached skill level 5 in Fighting
   871 | D        | Reached skill level 5 in Dodging
  1037 | D        | Found Hofud's Weapon Shop.
  1037 | D        | Found Quic's Jewellery Emporium.
  1045 | D        | Noticed a burning bush
  1045 | D        | Noticed a wandering mushroom
  1046 | D        | Noticed a wandering mushroom
  1056 | D        | Killed a burning bush
  1056 | D        | Reached skill level 11 in Unarmed Combat
  1056 | D        | Reached XP level 6. HP: 22/60 MP: 6/8
  1058 | D        | HP: 2/60 [scorpion (9)]
  1058 | D        | Demolished by a wandering mushroom

Levels and vault maps discovered:
D:        dungeon_sprint_fedhas [sprint_temple]

Skill      XL: |  1  2  3  4  5 |
---------------+----------------+-----
Unarmed Combat | 5 7 9 10 11 | 11.5
Dodging        | 3 6 |  6.6
Evocations     | 2 |  2.9
Fighting       | 7 |  7.2
Stealth        | |  1.7

Action                   |  1- 3 |  4- 6 || total
-------------------------+-------+-------++-------
Melee: Unarmed           |    21 |    37 ||    58
       Tailslap          |     3 |    10 ||    13
       Punch             |     1 |     5 ||     6
 Abil: Evoke Invisibilit |     1 |     3 ||     4
  Use: Potion            |     1 |     1 ||     2
 Stab: Sleeping          |     2 |       ||     2
       Invisible         |     2 |     1 ||     3
  Eat: Ration            |       |     1 ||     1
Armor: Skin              |     1 |     1 ||     2
Dodge: Dodged            |     3 |    20 ||    23

Table legend:
 A = Non-vault XP
 B = Vault XP
 C = Vault XP percentage of total XP
 D = Non-vault monster count
 E = Vault monster count
 F = Vault count percentage of total count
                 A         B        C        D         E       F
            +---------+---------+-------+---------+---------+-------
      Total |       0 |     673 | 100.0 |       0 |      11 | 100.0
            +---------+---------+-------+---------+---------+-------
          D |       0 |     673 | 100.0 |       0 |      11 | 100.0
            +---------+---------+-------+---------+---------+-------
